 Dungeon Crawl Stone Soup version 0.19.3-4-gbf9329e (webtiles) character file.

5 Gargoyl the Skirmisher (level 1, -1/19 HPs)
             Began as a Ghoul Abyssal Knight on Jan 27, 2017.
             Was a Follower of Lugonu.
             Killed from afar by a raiju (11 damage)
             ... with a living lightning
             ... on level 1 of the Abyss.
             The game lasted 00:00:27 (79 turns).

Gargoyl the Skirmisher (Ghoul Abyssal Knight)         Turns: 79, Time: 00:00:28

Health: -1/19      AC:  3    Str: 15    XL:     1   Next: 80%
Magic:  1/1        EV: 11    Int:  7    God:    Lugonu [*.....]
Gold:   0          SH:  0    Dex:  8    Spells: 0 memorised, 0 levels left

rFire  . . .     SeeInvis .     a - +1 hand axe
rCold  + . .     Gourm    .     b - +0 leather armour
rNeg   + + +     Faith    .     (no shield)
rPois  ∞         Spirit   .     (no helmet)
rElec  .         Reflect  .     (no cloak)
rCorr  .         Harm     .     (no gloves)
MR     .....                    (no boots)
Stlth  +.........               (no amulet)
                                (no ring)
                                (no ring)

@: rotting
A: rotting body, claws 1, carnivore 3, cold resistance 1, negative energy
resistance 3, slow regeneration 1, torment resistance, unbreathing
a: Depart the Abyss, Renounce Religion


You were on level 1 of the Abyss.
You worshipped Lugonu.
Lugonu was aware of your devotion.
You were not hungry.

You visited 0 branches of the dungeon, and saw 0 of its levels.
You visited the Abyss 1 time.

Inventory:

Hand Weapons
 a - a +1 hand axe (weapon)
Armour
 b - a +0 leather armour (worn)
Comestibles
 c - a meat ration


   Skills:
 + Level 3.5 Fighting
 + Level 1.9 Axes
 + Level 1.7 Armour
 + Level 1.0 Dodging
 + Level 2.0 Invocations


You couldn't memorise any spells.
You didn't know any spells.

Dungeon Overview and Level Annotations

Branches:
Dungeon (0/15)

Altars:


Innate Abilities, Weirdness & Mutations

Your body is rotting away.
You thrive on raw meat.
You are immune to poison.
You have sharp fingernails.
You are carnivorous and can eat meat at any time.
Your flesh is cold resistant. (rC+)
You are immune to negative energy. (rN+++)
You regenerate slowly when monsters are visible.
You are immune to unholy pain and torment.
You can survive without breathing.


Message History

Found a sparkling altar of Nemelex Xobeh.
d - a blue potion An ufetubus comes into view.
The ufetubus shouts!
You aren't carrying any spellbooks or scrolls.
It was a potion of heal wounds.
You feel much better. The ufetubus hits you. x2
The ufetubus closely misses you. x2
You closely miss the ufetubus. The ufetubus hits you. x2
The ufetubus closely misses you.
The ufetubus hits you but does no damage.
You slash the ufetubus!
You kill the ufetubus!
Your Dodging skill increases to level 1!
An Executioner comes into view.
An Executioner is nearby!
A raiju comes into view.
The raiju bursts into living lightning!
The living lightning hits you!
Ouch! That really hurt!
You die...

###.#.... # #..##...#.
.. #....# . ..#. ..
.#. ## ....#. .#
#.##.# ..#..#
#....#..### .#.#.# # #
##.#####§..##
#...#.##..#....# .##
##..#.#.@..#
#..##.##..#..#.###h..#
##.....#.##...#.# #.#
##......#...#..#
..#...#.#.#....
........#....#..... ..
....§...#...#.#...# #.
.#.#.########.... .
...# .#. ...


You could see a raiju.

Vanquished Creatures
  An ufetubus (Abyss:1)
1 creature vanquished.

Notes
Turn   | Place    | Note
-------+----------+-------------------------------------------
     0 | Abyss:1  | Gargoyl the Ghoul Abyssal Knight began the quest for the Orb.
     0 | Abyss:1  | Reached XP level 1. HP: 19/19 MP: 1/1
     9 | Abyss:1  | Found a corrupted altar of Lugonu.
    38 | Abyss:1  | Noticed a spatial vortex
    38 | Abyss:1  | Noticed a spatial maelstrom
    40 | Abyss:1  | Noticed a spatial vortex
    47 | Abyss:1  | Noticed a spatial vortex
    47 | Abyss:1  | Noticed a spatial vortex
    47 | Abyss:1  | Found a sparkling altar of Nemelex Xobeh.
    67 | Abyss:1  | Reached skill level 1 in Dodging
    69 | Abyss:1  | Noticed an Executioner
    79 | Abyss:1  | Noticed a raiju
    79 | Abyss:1  | Killed from afar by a raiju

Skill      XL: |  1 |
---------------+----+-----
Dodging        | 1 |  1.0
Fighting       | |  3.5
Axes           | |  1.9
Armour         | |  1.7
Invocations    | |  2.0

Action                   || total
-------------------------++-------
Melee: Hand axe          ||     2
  Use: Potion            ||     1
Armor: Leather armour    ||     1
Dodge: Dodged            ||     3
